Islanders vs Flames

Created - 16 octobre 2023 at 21:00

Goals
1 2 3 OT1 SO T
Islanders 1 0 0 0 2 2
Flames 0 0 1 0 1 1
Shots
1 2 3 OT1 SO T
Islanders 2 3 5 3 3 13
Flames 8 7 10 0 3 25

GoalsPenalties
1st period
1. Islanders , Milan Lucic 2 (Josh Bailey 10, Brock McGinn 6) at 11:09
Robert Bortuzzo (NYI) for Roughing (Minor) at 11:41
2nd period
No Goal
Nicolas Meloche (NYI) for Hooking (Minor) at 2:33
Michael Stone (CAL) for Holding (Minor) at 4:52
Simon Holmstrom (NYI) for Hooking (Minor) at 13:47
Caleb Jones (NYI) for Hooking (Minor) at 16:52
Alexander Edler (CAL) for Tripping (Minor) at 16:56
3rd period
2. Flames , David Krejci 4 (Gustav Nyquist 8) at 2:13
Milan Lucic (NYI) for Roughing (Minor) at 11:23
Michael Stone (CAL) for Hooking (Minor) at 14:33
Overtime #1
No Goal
Shootout
Islanders, Josh Bailey - Goal!
Flames, Casey Mittelstadt - Shot Misses the Net
Islanders, Sonny Milano - Goal!
Flames, Gustav Nyquist - Goal!
Islanders, Brock McGinn - Stopped by Dylan Wells
Flames, Derek Grant - Stopped by Mike Smith
Goalie Stats
Mike Smith (NYI), 24 saves from 25 shots - (0,960), W, 1-7-0, 65:00 minutes
Dylan Wells (CAL), 12 saves from 13 shots - (0,923), OTL, 0-14-2, 65:00 minutes
3 StarsOfficial
1 - David Krejci (CAL)
2 - Mike Smith (NYI)
3 - Milan Lucic (NYI)
Referees : François St-Laurent and Kelly Sutherland
Linesman : Daniel Negreanu and Alexandra Clarke
Game Note
No Game Note
Finance
Level 1 -- Attendance: 4598 (75%) -- Ticket Income $459,800
Level 2 -- Attendance: 3887 (75%) -- Ticket Income $233,220
Level 3 -- Attendance: 2300 (100%) -- Ticket Income $80,500
Level 4 -- Attendance: 3326 (89%) -- Ticket Income $66,520
Luxury Box -- Attendance: 977 (93%) -- Ticket Income $195,400
Game was played at the Pengrowth Saddledome.
Total Attendance: 15088 (82%)
Total Ticket Income: $1,035,440
Other Income: $310,632
Total Income: $1,346,072



Team Name Goals Shots Shots Attemp Shots Blocked PIM HIT PP PK FO%
Islanders 21326610310 / 3 (0%)039%
Flames 1254746200 / 5 (0%)061%

Islanders
Player Name POS G A P +/- PIM HIT SHT SB MP PP MP PP SHT PK MP PK SHT FO% FOT GA TA
Brock McGinnLW/RW0110000020:152:2103:530100% 100
Caleb JonesD0000211225:052:3604:2000% 011
Dylan CoghlanD000-1010020:370:0403:3600% 000
Filip ZadinaLW/RW0000031012:300:1300:2000% 000
Jakub VoracekLW/RW0001031017:451:4101:2600% 100
Josh ArchibaldLW/RW000-1000112:081:2200:0000% 000
Josh BaileyLW/RW0110000121:242:2103:53036% 2200
Kyle BurroughsD000-1030220:371:2603:5400% 000
Milan LucicLW/RW1011243016:411:2802:2100% 110
Nicklas BackstromC0001014017:592:2110:49054% 1310
Nicolas MelocheD0001210014:230:0000:0700% 002
Ondrej KaseRW000-1000010:300:0000:0000% 000
Rasmus AsplundC/LW0000040011:310:0000:0000% 500
Rasmus KupariC/LW/RW000-1012017:571:2803:18050% 600
Robert BortuzzoD0000250022:170:0003:1300% 000
Simon HolmstromRW000021008:400:1300:0000% 000
Sonny MilanoLW/RW0000011016:462:3600:00050% 201
Will ButcherD0001020017:550:0000:5000% 000
Flames
Player Name POS G A P +/- PIM HIT SHT SB MP PP MP PP SHT PK MP PK SHT FO% FOT GA TA
Alexander EdlerD0000200120:143:5002:0400% 000
Ben HuttonD000-100007:330:0000:0000% 000
Brendan SmithD0000022124:593:5102:0800% 012
Casey MittelstadtC/LW0001020120:113:5100:0000% 010
David KrejciC1011043019:103:5100:00076% 1700
Derek GrantC/LW0000012022:254:0201:52150% 400
Dryden HuntLW/RW000-102006:090:0700:0000% 000
Eric StaalC000-1001011:464:0210:00050% 400
Gustav NyquistLW/RW0110005021:013:5100:000100% 110
Jack McBainC0000002014:530:0001:52046% 1300
Joe VelenoC0000013017:240:0702:10058% 1210
Matt MartinLW/RW0000033020:130:0702:1000% 000
Michael StoneD0000420011:410:0000:0400% 000
Nick LeddyD0000011126:544:0901:5400% 000
Nikita ZaitsevD0000001013:520:0000:0000% 001
Olli MaattaD0001000019:574:0901:5400% 000
Ryan ReavesRW0000011013:210:0000:0000% 000
Tyler JohnsonC/LW/RW0000011017:174:0210:0000% 000

Islanders

5 vs 5 Forward
Line #Left WingCenterRight WingPHYDFOFWanted %Time %Time Play
1Sonny MilanoJosh BaileyBrock McGinn1224030%13:42
2Jakub VoracekNicklas BackstromMilan Lucic0233030%13:36
3Josh ArchibaldRasmus KupariOndrej Kase2212023%10:30
4Simon HolmstromRasmus AsplundFilip Zadina0231018%8:15
5 vs 5 Defense
Line #DefenseDefensePHYDFOFWanted %Time %Time Play
1Robert BortuzzoCaleb Jones2304035%16:15
2Kyle BurroughsDylan Coghlan2303030%13:59
3Will ButcherNicolas Meloche2302529%13:13
4Robert BortuzzoCaleb Jones32056%2:36
Power Play Forward
Line #Left WingCenterRight WingPHYDFOFWanted %Time %Time Play
1Josh BaileyNicklas BackstromBrock McGinn0056058%2:21
2Jakub VoracekRasmus KupariMilan Lucic0054042%1:41
Power Play Defense
Line #DefenseDefensePHYDFOFWanted %Time %Time Play
1Sonny MilanoCaleb Jones0056064%2:36
2Josh ArchibaldKyle Burroughs0054036%1:26
Penalty Kill 4 Players Forward
Line #CenterWingPHYDFOFWanted %Time %Time Play
1Josh BaileyBrock McGinn0505555%4:22
2Rasmus KupariMilan Lucic0504545%3:38
Penalty Kill 4 Players Defense
Line #DefenseDefensePHYDFOFWanted %Time %Time Play
1Robert BortuzzoCaleb Jones0505565%5:12
2Kyle BurroughsDylan Coghlan0504535%2:48
Penalty Kill 3 Players
Line #WingPHYDFOFWanted %Time %Time PlayDefenseDefensePHYDFOFWanted %Time %Time Play
1Brock McGinn050500%0:00 Robert BortuzzoCaleb Jones050500%0:00
2Rasmus Kupari050500%0:00 Kyle BurroughsDylan Coghlan050500%0:00
4 vs 4 Forward
Line #CenterWingPHYDFOFWanted %Time %Time Play
1Nicklas BackstromJosh Bailey13165100%1:55
2Rasmus KupariBrock McGinn221350%0:00
4 vs 4 Defense
Line #DefensePHYDFOFWanted %Time %Time Play
1Robert BortuzzoCaleb Jones2306565%65% - 1:15
2Kyle BurroughsDylan Coghlan1403535%35% - 0:40
Last Minutes Offensive
Left WingCenterRight WingDefenseDefense
Josh BaileyNicklas BackstromBrock McGinnSonny MilanoCaleb Jones
Last Minutes Defensive
Left WingCenterRight WingDefenseDefense
Josh BaileyRasmus KupariBrock McGinnRobert BortuzzoCaleb Jones
Time
Total ForwardTotal DefenseLast Minutes OffensiveLast Minutes Defensive
60:00 60:00 0:000:00
Extra Forwards
Normal PowerPlayPenalty Kill
Filip Zadina, Rasmus Kupari, Josh BaileyFilip Zadina, Sonny MilanoMilan Lucic
Extra Defensemen
Normal PowerPlayPenalty Kill
Kyle Burroughs, Caleb Jones, Robert BortuzzoRobert Bortuzzo, Kyle BurroughsCaleb Jones
Penalty Shots
Josh Bailey, Sonny Milano, Brock McGinn, Caleb Jones, Filip Zadina
Goalie
Mike Smith, Chris Driedger
Scratches
Carl Hagelin (Healthy), Christian Wolanin (Healthy), Rocco Grimaldi (Healthy)

Flames

5 vs 5 Forward
Line #Left WingCenterRight WingPHYDFOFWanted %Time %Time Play
1Casey MittelstadtDavid KrejciGustav Nyquist0053032%14:32
2Derek GrantJack McBainTyler Johnson0053029%13:31
3Matt MartinJoe VelenoRyan Reaves5003029%13:21
4Dryden HuntEric StaalGustav Nyquist0501010%4:39
5 vs 5 Defense
Line #DefenseDefensePHYDFOFWanted %Time %Time Play
1Nick LeddyOlli Maatta0053028%12:50
2Alexander EdlerBrendan Smith0053032%14:32
3Nikita ZaitsevMichael Stone5002024%11:08
4Ben HuttonNick Leddy0502016%7:33
Power Play Forward
Line #Left WingCenterRight WingPHYDFOFWanted %Time %Time Play
1Casey MittelstadtDavid KrejciGustav Nyquist0055048%3:51
2Derek GrantEric StaalTyler Johnson0055052%4:09
Power Play Defense
Line #DefenseDefensePHYDFOFWanted %Time %Time Play
1Nick LeddyOlli Maatta0055052%4:09
2Alexander EdlerBrendan Smith0055048%3:51
Penalty Kill 4 Players Forward
Line #CenterWingPHYDFOFWanted %Time %Time Play
1Joe VelenoMatt Martin0415054%2:10
2Jack McBainDerek Grant1405046%1:52
Penalty Kill 4 Players Defense
Line #DefenseDefensePHYDFOFWanted %Time %Time Play
1Nick LeddyOlli Maatta1405047%1:54
2Alexander EdlerBrendan Smith0415053%2:08
Penalty Kill 3 Players
Line #WingPHYDFOFWanted %Time %Time PlayDefenseDefensePHYDFOFWanted %Time %Time Play
1Joe Veleno050500%0:00 Nikita ZaitsevMichael Stone050500%0:00
2Jack McBain500500%0:00 Alexander EdlerBrendan Smith500500%0:00
4 vs 4 Forward
Line #CenterWingPHYDFOFWanted %Time %Time Play
1Casey MittelstadtGustav Nyquist0055056%1:04
2David KrejciDerek Grant0055044%0:51
4 vs 4 Defense
Line #DefensePHYDFOFWanted %Time %Time Play
1Nick LeddyOlli Maatta0055056%50% - 1:04
2Alexander EdlerBrendan Smith0055044%50% - 0:51
Last Minutes Offensive
Left WingCenterRight WingDefenseDefense
Casey MittelstadtDavid KrejciGustav NyquistNick LeddyOlli Maatta
Last Minutes Defensive
Left WingCenterRight WingDefenseDefense
Casey MittelstadtDerek GrantGustav NyquistNick LeddyOlli Maatta
Time
Total ForwardTotal DefenseLast Minutes OffensiveLast Minutes Defensive
60:00 60:00 0:000:00
Extra Forwards
Normal PowerPlayPenalty Kill
Casey Mittelstadt, Gustav Nyquist, David KrejciCasey Mittelstadt, Gustav NyquistJack McBain
Extra Defensemen
Normal PowerPlayPenalty Kill
Nikita Zaitsev, Michael Stone, Ben HuttonNikita Zaitsev, Nikita ZaitsevMichael Stone
Penalty Shots
Casey Mittelstadt, Gustav Nyquist, Derek Grant, Eric Staal, David Krejci
Goalie
Dylan Wells, Cam Johnson
Scratches
Matt Irwin (Healthy)


Play-by-Play

1st period


0:01 of 1st period - Josh Bailey wins face-off versus David Krejci in neutral zone.
0:26 of 1st period - Tyler Johnson is hit by Milan Lucic and loses puck.
0:51 of 1st period - Wrist shot by Josh Archibald.
0:51 of 1st period - Shot Misses the Net.
1:10 of 1st period - Will Butcher is hit by Ryan Reaves and loses puck.
1:31 of 1st period - Wrist shot by Olli Maatta.
1:31 of 1st period - Shot Hit the Post.
1:33 of 1st period - Slapshot by Nick Leddy.
1:33 of 1st period - Shot Blocked by Josh Archibald.
2:12 of 1st period - Snap shot by Ryan Reaves.
2:12 of 1st period - Shot Misses the Net.
2:14 of 1st period - Snap shot by Ryan Reaves.
2:14 of 1st period - Deflect By Rasmus Kupari.
2:14 of 1st period - Stopped by Mike Smith with a rebound.
2:16 of 1st period - Wrist shot by Joe Veleno.
2:16 of 1st period - Stopped by Mike Smith without a rebound.
2:17 of 1st period - David Krejci wins face-off versus Josh Bailey in Islanders zone.
2:54 of 1st period - Wrist shot by Tyler Johnson.
2:54 of 1st period - Shot Misses the Net.
2:56 of 1st period - Backhand shot by Brendan Smith.
2:56 of 1st period - Shot Blocked by Caleb Jones.
3:20 of 1st period - Michael Stone is hit by Robert Bortuzzo and loses puck.
4:14 of 1st period - Jack McBain is hit by Kyle Burroughs and loses puck.
4:51 of 1st period - Matt Martin is hit by Filip Zadina and loses puck.
5:54 of 1st period - Michael Stone is hit by Kyle Burroughs and loses puck.
6:12 of 1st period - Icing by Simon Holmstrom.
6:13 of 1st period - Jack McBain wins face-off versus Rasmus Asplund in Islanders zone.
6:16 of 1st period - Wrist shot by Derek Grant.
6:16 of 1st period - Stopped by Mike Smith with a rebound.
6:50 of 1st period - Nicklas Backstrom is hit by Joe Veleno and loses puck.
8:12 of 1st period - Snap shot by Milan Lucic.
8:12 of 1st period - Stopped by Dylan Wells with a rebound.
8:24 of 1st period - Nikita Zaitsev is hit by Will Butcher and loses puck.
8:49 of 1st period - Josh Bailey is hit by Matt Martin.
9:42 of 1st period - Matt Martin is hit by Will Butcher and loses puck.
10:22 of 1st period - Wrist shot by David Krejci.
10:22 of 1st period - Stopped by Mike Smith with a rebound.
10:24 of 1st period - Backhand shot by Nick Leddy.
10:24 of 1st period - Shot Blocked by Caleb Jones.
10:26 of 1st period - Wrist shot by David Krejci.
10:26 of 1st period - Shot Misses the Net.
10:32 of 1st period - Wrist shot by David Krejci.
10:32 of 1st period - Shot Misses the Net.
10:34 of 1st period - Snap shot by David Krejci.
10:34 of 1st period - Stopped by Mike Smith with a rebound.
10:36 of 1st period - Wrist shot by Matt Martin.
10:36 of 1st period - Stopped by Mike Smith without a rebound.
10:37 of 1st period - Jack McBain wins face-off versus Josh Bailey in Islanders zone.
10:50 of 1st period - Nick Leddy is hit by Sonny Milano and loses puck.
11:09 of 1st period - Wrist shot by Milan Lucic.
11:09 of 1st period - Goal by Milan Lucic - Islanders : 1 - Flames : 0.
11:10 of 1st period - Jack McBain wins face-off versus Josh Bailey in neutral zone.
11:17 of 1st period - Snap shot by Jack McBain.
11:17 of 1st period - Stopped by Mike Smith without a rebound.
11:18 of 1st period - Jack McBain wins face-off versus Josh Bailey in Islanders zone.
11:41 of 1st period - Minor Penalty to Robert Bortuzzo for Roughing.
11:42 of 1st period - Josh Bailey wins face-off versus David Krejci in Islanders zone.
11:42 of 1st period - Josh Bailey is hit by David Krejci.
13:41 of 1st period - Penalty to Robert Bortuzzo is over, Robert Bortuzzo is back on ice.
14:15 of 1st period - Michael Stone is hit by Nicolas Meloche.
14:42 of 1st period - Icing by Sonny Milano.
14:43 of 1st period - Nicklas Backstrom wins face-off versus Joe Veleno in Islanders zone.
14:43 of 1st period - Nicklas Backstrom is hit by Nick Leddy.
15:10 of 1st period - Alexander Edler is hit by Filip Zadina and loses puck.
15:29 of 1st period - Snap shot by Jack McBain.
15:29 of 1st period - Stopped by Mike Smith without a rebound.
15:30 of 1st period - Josh Bailey wins face-off versus Joe Veleno in Islanders zone.
15:43 of 1st period - Snap shot by Joe Veleno.
15:43 of 1st period - Shot Blocked by Josh Bailey.
15:47 of 1st period - Wrist shot by Matt Martin.
15:47 of 1st period - Shot Misses the Net.
15:57 of 1st period - Tyler Johnson is hit by Jakub Voracek.
16:54 of 1st period - Nick Leddy is hit by Robert Bortuzzo and loses puck.
19:39 of 1st period - Nicolas Meloche is hit by David Krejci and loses puck.
19:57 of 1st period - Nick Leddy is hit by Rasmus Asplund.
Goals for this period are 1 for Islanders vs 0 for Flames.
Shots for this period are 2 for Islanders vs 8 for Flames.

2nd period


0:01 of 2nd period - David Krejci wins face-off versus Josh Bailey in neutral zone.
0:12 of 2nd period - Snap shot by Sonny Milano.
0:12 of 2nd period - Stopped by Dylan Wells with a rebound.
0:14 of 2nd period - Slapshot by Robert Bortuzzo.
0:14 of 2nd period - Shot Misses the Net.
0:49 of 2nd period - Slapshot by Jack McBain.
0:49 of 2nd period - Deflect By Tyler Johnson.
0:49 of 2nd period - Shot Misses the Net.
0:49 of 2nd period - Puck is out of play.
0:50 of 2nd period - Rasmus Kupari wins face-off versus Jack McBain in Islanders zone.
1:15 of 2nd period - Wrist shot by Josh Archibald.
1:15 of 2nd period - Shot Blocked by Alexander Edler.
1:18 of 2nd period - Icing by Alexander Edler.
1:19 of 2nd period - Josh Bailey wins face-off versus Jack McBain in Flames zone.
1:47 of 2nd period - David Krejci is hit by Dylan Coghlan and loses puck.
1:56 of 2nd period - Snap shot by Nicklas Backstrom.
1:56 of 2nd period - Shot Blocked by Casey Mittelstadt.
2:33 of 2nd period - Minor Penalty to Nicolas Meloche for Hooking.
2:34 of 2nd period - Eric Staal wins face-off versus Josh Bailey in Islanders zone.
2:40 of 2nd period - Snap shot by Tyler Johnson.
2:40 of 2nd period - Stopped by Mike Smith with a rebound.
2:57 of 2nd period - Icing by Nick Leddy.
2:58 of 2nd period - David Krejci wins face-off versus Rasmus Kupari in Flames zone.
3:21 of 2nd period - Josh Bailey is hit by David Krejci and loses puck.
4:33 of 2nd period - Penalty to Nicolas Meloche is over, Nicolas Meloche is back on ice.
4:50 of 2nd period - Slapshot by Rasmus Kupari.
4:50 of 2nd period - Stopped by Dylan Wells with a rebound.
4:52 of 2nd period - Minor Penalty to Michael Stone for Holding.
4:53 of 2nd period - Nicklas Backstrom wins face-off versus Joe Veleno in Flames zone.
5:08 of 2nd period - Snap shot by Nicklas Backstrom.
5:08 of 2nd period - Shot Misses the Net.
5:10 of 2nd period - Wrist shot by Josh Bailey.
5:10 of 2nd period - Shot Blocked by Nick Leddy.
5:43 of 2nd period - Alexander Edler is hit by Milan Lucic and loses puck.
6:52 of 2nd period - Penalty to Michael Stone is over, Michael Stone is back on ice.
7:06 of 2nd period - Nikita Zaitsev is hit by Kyle Burroughs and loses puck.
7:17 of 2nd period - Nicolas Meloche is hit by Casey Mittelstadt and loses puck.
7:44 of 2nd period - Will Butcher is hit by Brendan Smith and loses puck.
8:05 of 2nd period - Sonny Milano is hit by Dryden Hunt and loses puck.
9:03 of 2nd period - Rasmus Asplund is hit by Michael Stone and loses puck.
9:44 of 2nd period - Off-side.
9:45 of 2nd period - Joe Veleno wins face-off versus Rasmus Kupari in neutral zone.
9:48 of 2nd period - Snap shot by Ryan Reaves.
9:48 of 2nd period - Deflect By Joe Veleno.
9:48 of 2nd period - Shot Misses the Net.
9:48 of 2nd period - Puck is out of play.
9:49 of 2nd period - Rasmus Kupari wins face-off versus Joe Veleno in Islanders zone.
11:03 of 2nd period - Joe Veleno is hit by Filip Zadina and loses puck.
12:35 of 2nd period - Tyler Johnson is hit by Caleb Jones and loses puck.
13:16 of 2nd period - Josh Bailey is hit by Tyler Johnson and loses puck.
13:31 of 2nd period - Snap shot by Nicklas Backstrom.
13:31 of 2nd period - Deflect By Joe Veleno.
13:31 of 2nd period - Stopped by Dylan Wells with a rebound.
13:41 of 2nd period - Slapshot by Nick Leddy.
13:41 of 2nd period - Deflect By Gustav Nyquist.
13:41 of 2nd period - Shot Misses the Net.
13:41 of 2nd period - Puck is out of play.
13:42 of 2nd period - David Krejci wins face-off versus Rasmus Asplund in Islanders zone.
13:45 of 2nd period - Backhand shot by Gustav Nyquist.
13:45 of 2nd period - Stopped by Mike Smith with a rebound.
13:47 of 2nd period - Minor Penalty to Simon Holmstrom for Hooking.
13:48 of 2nd period - Josh Bailey wins face-off versus Eric Staal in Islanders zone.
14:01 of 2nd period - Snap shot by Derek Grant.
14:01 of 2nd period - Shot Misses the Net.
14:03 of 2nd period - Snap shot by Eric Staal.
14:03 of 2nd period - Stopped by Mike Smith with a rebound.
15:47 of 2nd period - Penalty to Simon Holmstrom is over, Simon Holmstrom is back on ice.
15:52 of 2nd period - Slapshot by Joe Veleno.
15:52 of 2nd period - Stopped by Mike Smith without a rebound.
15:53 of 2nd period - Joe Veleno wins face-off versus Rasmus Asplund in Islanders zone.
16:32 of 2nd period - Icing by Ryan Reaves.
16:33 of 2nd period - Joe Veleno wins face-off versus Josh Bailey in Flames zone.
16:33 of 2nd period - Joe Veleno is hit by Robert Bortuzzo.
16:43 of 2nd period - Slapshot by Joe Veleno.
16:43 of 2nd period - Stopped by Mike Smith with a rebound.
16:45 of 2nd period - Slapshot by Nikita Zaitsev.
16:45 of 2nd period - Stopped by Mike Smith with a rebound.
16:47 of 2nd period - Slapshot by Matt Martin.
16:47 of 2nd period - Stopped by Mike Smith without a rebound.
16:48 of 2nd period - David Krejci wins face-off versus Josh Bailey in Islanders zone.
16:52 of 2nd period - Minor Penalty to Caleb Jones for Hooking.
16:53 of 2nd period - David Krejci wins face-off versus Josh Bailey in Islanders zone.
16:56 of 2nd period - Minor Penalty to Alexander Edler for Tripping.
16:57 of 2nd period - Gustav Nyquist wins face-off versus Nicklas Backstrom in Flames zone.
17:05 of 2nd period - Robert Bortuzzo is hit by Casey Mittelstadt and loses puck.
18:44 of 2nd period - Casey Mittelstadt is hit by Rasmus Asplund and loses puck.
18:52 of 2nd period - Penalty to Caleb Jones is over, Caleb Jones is back on ice.
18:56 of 2nd period - Penalty to Alexander Edler is over, Alexander Edler is back on ice.
18:59 of 2nd period - Michael Stone is hit by Milan Lucic and loses puck.
19:12 of 2nd period - Sonny Milano is hit by Michael Stone and loses puck.
19:50 of 2nd period - Ben Hutton is hit by Robert Bortuzzo and loses puck.
Goals for this period are 0 for Islanders vs 0 for Flames.
Shots for this period are 3 for Islanders vs 7 for Flames.

3rd period


0:01 of 3rd period - Sonny Milano wins face-off versus David Krejci in neutral zone.
0:38 of 3rd period - Wrist shot by Caleb Jones.
0:38 of 3rd period - Stopped by Dylan Wells without a rebound.
0:39 of 3rd period - Josh Bailey wins face-off versus David Krejci in Flames zone.
0:46 of 3rd period - Wrist shot by Brock McGinn.
0:46 of 3rd period - Shot Misses the Net.
1:40 of 3rd period - Josh Archibald is hit by Matt Martin and loses puck.
1:47 of 3rd period - Matt Martin is hit by Rasmus Kupari.
2:09 of 3rd period - Icing by Ondrej Kase.
2:10 of 3rd period - David Krejci wins face-off versus Rasmus Kupari in Islanders zone.
2:13 of 3rd period - Wrist shot by David Krejci.
2:13 of 3rd period - Goal by David Krejci - Islanders : 1 - Flames : 1.
2:14 of 3rd period - David Krejci wins face-off versus Josh Bailey in neutral zone.
2:22 of 3rd period - Icing by Nick Leddy.
2:23 of 3rd period - David Krejci wins face-off versus Sonny Milano in Flames zone.
2:30 of 3rd period - Wrist shot by Gustav Nyquist.
2:30 of 3rd period - Stopped by Mike Smith without a rebound.
2:31 of 3rd period - Josh Bailey wins face-off versus Jack McBain in Islanders zone.
2:57 of 3rd period - Gustav Nyquist is hit by Jakub Voracek and loses puck.
3:08 of 3rd period - Wrist shot by Milan Lucic.
3:08 of 3rd period - Shot Misses the Net.
3:22 of 3rd period - Wrist shot by Josh Archibald.
3:22 of 3rd period - Deflect By Rasmus Kupari.
3:22 of 3rd period - Stopped by Dylan Wells with a rebound.
3:24 of 3rd period - Snap shot by Josh Archibald.
3:24 of 3rd period - Deflect By Rasmus Kupari.
3:24 of 3rd period - Shot Misses the Net.
3:24 of 3rd period - Puck is out of play.
3:25 of 3rd period - Jack McBain wins face-off versus Josh Bailey in Flames zone.
3:52 of 3rd period - Josh Bailey is hit by Matt Martin and loses puck.
3:59 of 3rd period - Snap shot by Matt Martin.
3:59 of 3rd period - Shot Misses the Net.
4:01 of 3rd period - Snap shot by Matt Martin.
4:01 of 3rd period - Stopped by Mike Smith without a rebound.
4:02 of 3rd period - David Krejci wins face-off versus Nicklas Backstrom in Islanders zone.
4:52 of 3rd period - Nick Leddy is hit by Simon Holmstrom and loses puck.
4:59 of 3rd period - Snap shot by Ryan Reaves.
4:59 of 3rd period - Shot Blocked by Kyle Burroughs.
5:01 of 3rd period - Slapshot by Joe Veleno.
5:01 of 3rd period - Shot Misses the Net.
5:03 of 3rd period - Snap shot by Matt Martin.
5:03 of 3rd period - Deflect By Ryan Reaves.
5:03 of 3rd period - Shot Blocked by Kyle Burroughs.
5:03 of 3rd period - Puck is out of play.
5:04 of 3rd period - David Krejci wins face-off versus Josh Bailey in Islanders zone.
5:11 of 3rd period - Slapshot by Gustav Nyquist.
5:11 of 3rd period - Stopped by Mike Smith with a rebound.
5:35 of 3rd period - Off-side.
5:36 of 3rd period - Nicklas Backstrom wins face-off versus Jack McBain in neutral zone.
6:02 of 3rd period - Icing by Jack McBain.
6:03 of 3rd period - Jack McBain wins face-off versus Josh Bailey in Flames zone.
6:20 of 3rd period - Wrist shot by Brock McGinn.
6:20 of 3rd period - Shot Misses the Net.
6:30 of 3rd period - Kyle Burroughs is hit by David Krejci and loses puck.
6:51 of 3rd period - Snap shot by Milan Lucic.
6:51 of 3rd period - Deflect By Matt Martin.
6:51 of 3rd period - Shot Misses the Net.
6:51 of 3rd period - Puck is out of play.
6:52 of 3rd period - Joe Veleno wins face-off versus Milan Lucic in Flames zone.
8:15 of 3rd period - Icing by Will Butcher.
8:16 of 3rd period - David Krejci wins face-off versus Jakub Voracek in Islanders zone.
8:38 of 3rd period - Off-side.
8:39 of 3rd period - Josh Bailey wins face-off versus Jack McBain in neutral zone.
8:48 of 3rd period - Josh Bailey is hit by Derek Grant and loses puck.
9:05 of 3rd period - Snap shot by Gustav Nyquist.
9:05 of 3rd period - Stopped by Mike Smith with a rebound.
9:07 of 3rd period - Slapshot by Brendan Smith.
9:07 of 3rd period - Deflect By Josh Archibald.
9:07 of 3rd period - Stopped by Mike Smith with a rebound.
9:09 of 3rd period - Slapshot by Brendan Smith.
9:09 of 3rd period - Stopped by Mike Smith with a rebound.
9:35 of 3rd period - Snap shot by Milan Lucic.
9:35 of 3rd period - Stopped by Dylan Wells with a rebound.
9:53 of 3rd period - Snap shot by Filip Zadina.
9:53 of 3rd period - Stopped by Dylan Wells with a rebound.
10:16 of 3rd period - Off-side.
10:17 of 3rd period - David Krejci wins face-off versus Josh Bailey in neutral zone.
10:34 of 3rd period - Snap shot by Casey Mittelstadt.
10:34 of 3rd period - Shot Misses the Net.
10:50 of 3rd period - Wrist shot by Casey Mittelstadt.
10:50 of 3rd period - Deflect By Gustav Nyquist.
10:50 of 3rd period - Stopped by Mike Smith with a rebound.
11:18 of 3rd period - Wrist shot by David Krejci.
11:18 of 3rd period - Shot Misses the Net.
11:20 of 3rd period - Slapshot by Nick Leddy.
11:20 of 3rd period - Stopped by Mike Smith without a rebound.
11:21 of 3rd period - Nicklas Backstrom wins face-off versus Jack McBain in Islanders zone.
11:23 of 3rd period - Minor Penalty to Milan Lucic for Roughing.
11:24 of 3rd period - Rasmus Kupari wins face-off versus Eric Staal in Islanders zone.
13:23 of 3rd period - Penalty to Milan Lucic is over, Milan Lucic is back on ice.
13:57 of 3rd period - Gustav Nyquist is hit by Nicklas Backstrom and loses puck.
14:12 of 3rd period - Joe Veleno is hit by Robert Bortuzzo and loses puck.
14:33 of 3rd period - Minor Penalty to Michael Stone for Hooking.
14:34 of 3rd period - Joe Veleno wins face-off versus Nicklas Backstrom in Flames zone.
14:42 of 3rd period - Snap shot by Nicklas Backstrom.
14:42 of 3rd period - Stopped by Dylan Wells without a rebound.
14:43 of 3rd period - Joe Veleno wins face-off versus Nicklas Backstrom in Flames zone.
14:58 of 3rd period - Wrist shot by Derek Grant.
14:58 of 3rd period - Stopped by Mike Smith without a rebound.
14:59 of 3rd period - Brock McGinn wins face-off versus Jack McBain in Islanders zone.
14:59 of 3rd period - Brock McGinn is hit by Brendan Smith.
15:09 of 3rd period - Slapshot by Derek Grant.
15:09 of 3rd period - Shot Misses the Net.
16:33 of 3rd period - Penalty to Michael Stone is over, Michael Stone is back on ice.
16:49 of 3rd period - Nikita Zaitsev is hit by Rasmus Asplund.
17:29 of 3rd period - Tyler Johnson is hit by Rasmus Asplund and loses puck.
18:19 of 3rd period - Icing by Nick Leddy.
18:20 of 3rd period - Eric Staal wins face-off versus Nicklas Backstrom in Flames zone.
18:55 of 3rd period - Off-side.
18:56 of 3rd period - Nicklas Backstrom wins face-off versus Joe Veleno in neutral zone.
18:59 of 3rd period - Joe Veleno is hit by Jakub Voracek.
19:45 of 3rd period - Gustav Nyquist is hit by Milan Lucic.
Goals for this period are 0 for Islanders vs 1 for Flames.
Shots for this period are 5 for Islanders vs 10 for Flames.

Overtime #1


0:01 of 1st overtime period - Nicklas Backstrom wins face-off versus Derek Grant in neutral zone.
0:08 of 1st overtime period - Wrist shot by Jakub Voracek.
0:08 of 1st overtime period - Shot Blocked by Brendan Smith.
0:10 of 1st overtime period - Wrist shot by Nicklas Backstrom.
0:10 of 1st overtime period - Deflect By Jakub Voracek.
0:10 of 1st overtime period - Stopped by Dylan Wells with a rebound.
0:12 of 1st overtime period - Slapshot by Nicklas Backstrom.
0:12 of 1st overtime period - Stopped by Dylan Wells without a rebound.
0:13 of 1st overtime period - Nicklas Backstrom wins face-off versus Derek Grant in Flames zone.
0:26 of 1st overtime period - Wrist shot by Nicklas Backstrom.
0:26 of 1st overtime period - Stopped by Dylan Wells with a rebound.
0:28 of 1st overtime period - Slapshot by Will Butcher.
0:28 of 1st overtime period - Shot Misses the Net.
1:34 of 1st overtime period - Icing by Nikita Zaitsev.
1:35 of 1st overtime period - Derek Grant wins face-off versus Rasmus Asplund in Flames zone.
2:14 of 1st overtime period - Dylan Coghlan is hit by Dryden Hunt and loses puck.
2:56 of 1st overtime period - Icing by Rasmus Asplund.
2:57 of 1st overtime period - Joe Veleno wins face-off versus Rasmus Asplund in Islanders zone.
3:11 of 1st overtime period - Icing by Eric Staal.
3:12 of 1st overtime period - Derek Grant wins face-off versus Nicklas Backstrom in Flames zone.
3:33 of 1st overtime period - Snap shot by Derek Grant.
3:33 of 1st overtime period - Shot Misses the Net.
Goals for this period are 0 for Islanders vs 0 for Flames.
Shots for this period are 3 for Islanders vs 0 for Flames.

ShootOut


5:00 of 1st overtime period - Round #1.
5:00 of 1st overtime period - Islanders, Josh Bailey.
5:00 of 1st overtime period - Wrist shot by Josh Bailey.
5:00 of 1st overtime period - Goal by Josh Bailey.
5:00 of 1st overtime period - Flames, Casey Mittelstadt.
5:00 of 1st overtime period - Backhand shot by Casey Mittelstadt.
5:00 of 1st overtime period - Shot Misses the Net.
5:00 of 1st overtime period - Round #2.
5:00 of 1st overtime period - Islanders, Sonny Milano.
5:00 of 1st overtime period - Backhand shot by Sonny Milano.
5:00 of 1st overtime period - Goal by Sonny Milano.
5:00 of 1st overtime period - Flames, Gustav Nyquist.
5:00 of 1st overtime period - Wrist shot by Gustav Nyquist.
5:00 of 1st overtime period - Goal by Gustav Nyquist.
5:00 of 1st overtime period - Round #3.
5:00 of 1st overtime period - Islanders, Brock McGinn.
5:00 of 1st overtime period - Snap shot by Brock McGinn.
5:00 of 1st overtime period - Stopped by Dylan Wells.
5:00 of 1st overtime period - Flames, Derek Grant.
5:00 of 1st overtime period - Deke by Derek Grant.
5:00 of 1st overtime period - Stopped by Mike Smith.